Description

Scarlett

Replay - DnS v Scarlett: Game 1 - 国王藏宝地-天梯版

Build Order

Get SALT Encoding   

  12  0:00  Drone  
  13  0:12  Overlord  
  13  0:18  Drone  
  14  0:31  Drone x2  
  16  0:49  Hatchery  
  15  0:52  Drone  
  15  0:56  Drone  
  17  1:00  Drone  
  18  1:11  Extractor  
  17  1:15  Spawning Pool  
  16  1:19  Drone  
  16  1:23  Drone  
  18  1:29  Drone  
  19  1:40  Drone  
  20  1:51  Hatchery, Drone  
  20  2:00  Drone  
  21  2:02  Drone  
  22  2:09  Queen  
  24  2:18  Queen  
  26  2:25  Overlord  
  26  2:28  Drone  
  27  2:31  Metabolic Boost  
  27  2:34  Zergling x2  
  28  2:43  Drone x4  
  32  2:47  Drone  
  33  2:54  Queen  
  33  2:58  Overlord  
  35  3:02  Drone  
  36  3:07  Drone x2  
  38  3:13  Drone  
  38  3:14  Queen  
  38  3:18  Overlord  
  41  3:22  Drone x2  
  41  3:26  Zergling x4  
  45  3:29  Drone  
  46  3:34  Lair  
  46  3:37  Drone  
  46  3:38  Drone  
  46  3:39  Drone  
  49  3:43  Drone x2  
  51  3:50  Drone  
  51  3:51  Roach Warren  
  53  3:55  Drone x2  
  53  3:59  Extractor  
  53  4:00  Extractor  
  51  4:04  Drone x5  
  51  4:06  Overlord  
  56  4:10  Drone x2  
  56  4:13  Overlord  
  58  4:20  Overlord  
  58  4:27  Drone  
  58  4:28  Drone  
  58  4:29  Drone x2  
  62  4:33  Overseer  
  62  4:34  Roach x3  
  62  4:37  Roach x3  
  74  4:44  Roach x2  
  77  4:46  Drone x3  
  77  4:51  Overlord  
  80  4:53  Extractor  
  80  4:54  Glial Reconstitution  
  80  4:59  Overlord  
  79  5:00  Drone x2  
  79  5:04  Evolution Chamber  
  80  5:07  Overlord  
  80  5:09  Overlord x2  
  80  5:11  Roach x2  
  84  5:18  Roach x4  
  91  5:22  Overseer  
  91  5:25  Roach x2  
  92  5:29  Roach  
  92  5:31  Drone  
  92  5:32  Drone x2, Spore Crawler  
  96  5:36  Drone x3  
  99  5:42  Zerg Missile Weapons Level 1  
  99  5:43  Drone x4  
  99  5:44  Drone  
  104  5:56  Drone  
  104  5:57  Drone x4  
  105  5:58  Drone x2  
  105  6:00  Extractor x2  
  105  6:07  Drone x2, Spire  
  105  6:11  Drone x4  
  109  6:21  Overlord  
  109  6:22  Queen  
  111  6:27  Overlord x2  
  111  6:36  Hatchery  
  110  6:41  Roach x3  
  110  6:43  Overlord  
  110  6:44  Overlord  
  116  6:47  Overlord  
  116  6:58  Roach x6  
  127  7:05  Baneling Nest  
  126  7:13  Overlord x4  
  126  7:22  Mutalisk x6  
  138  7:26  Mutalisk x2  
  138  7:28  Mutalisk  
  144  7:33  Drone  
  144  7:36  Drone  
  144  7:37  Drone x4  
  150  7:39  Zerg Melee Weapons Level 1  
  150  7:42  Mutalisk  
  152  7:48  Spine Crawler  
  152  7:51  Hatchery  
  151  7:55  Zergling x2  
  151  7:56  Zergling x12  
  158  8:05  Zergling x14  
  162  8:12  Centrifical Hooks  
  165  8:22  Zergling x2  
  165  8:23  Zergling x24  
  178  8:38  Zergling x12  
  182  8:51  Zergling x18  
  195  8:57  Zergling x2  
  195  8:58  Hatchery  
  195  8:59  Ravager  
  195  9:01  Ravager  
  195  9:02  Ravager x6  
  199  9:04  Baneling x27  
  195  9:19  Spore Crawler  
  195  9:20  Spine Crawler  
  195  9:21  Spore Crawler  
  195  9:23  Spine Crawler  
  191  9:24  Baneling x13  
  191  9:25  Baneling  
  191  9:26  Zergling x16  
  199  9:35  Baneling x6  
  199  9:44  Infestation Pit  
  196  9:46  Zergling x2  
  196  9:47  Zergling x4  
  164  10:01  Zergling x48  
Spawning Tool Build Advisor. Get it on Overwolf

Analysis

1

Go to:

Details

  • Created by: keanon
  • Published on: Apr 05, 2019
  • Modified on: Apr 05, 2019
  • Patch: 4.7.1
Show
View Real Time Build Order
Export as new Build Order

Comments (0)

There are no comments. Be the first!

Create an account to comment!